 Dungeon Crawl Stone Soup version 0.29-a0-1047-g7c58e119a4 (webtiles) character file.

Game seed: 12490568688168564226

20 ytrimaz the Insei (level 2, 18/18 HPs)
             Began as a Demonspawn Transmuter on Aug 16, 2022.
             Was a Follower of Hepliaklqana.
             Quit the game on level 1 of the Dungeon.
             The game lasted 00:00:40 (839 turns).

ytrimaz the Insei (Demonspawn Transmuter)            Turns: 839, Time: 00:00:41

Health: 18/18      AC:  2    Str: 10    XL:     2   Next: 58%
Magic:  5/5        EV: 12    Int: 14    God:    Hepliaklqana [*.....]
Gold:   11         SH:  0    Dex: 13    Spells: 4/5 levels left

rFire   . . .      SeeInvis .     - Unarmed
rCold   . . .      Faith    .   (no shield)
rNeg    . . .      Spirit   .   a - +0 robe
rPois   .          Reflect  .   (no helmet)
rElec   .          Harm     .   (no cloak)
rCorr   .          Rampage  .   (no gloves)
Will    .....                   (no boots)
Stlth   +.........              (no amulet)
HPRegen 0.06/turn               (no ring)
MPRegen 0.09/turn               (no ring)

@: no status effects
A: reduced essence, ignite blood 1
a: Renounce Religion, Recall Ancestor, Ancestor Identity


You were on level 1 of the Dungeon.
You worshipped Hepliaklqana.
Hepliaklqana was aware of your devotion.
You visited 1 branch of the dungeon, and saw 1 of its levels.

You collected 11 gold pieces.

Inventory:

Armour
 a - a +0 robe (worn)
Jewellery
 d - a ring of flight
Scrolls
 c - a scroll of acquirement {unknown}
Potions
 b - a potion of lignification


   Skills:
 - Level 1.0 Fighting
 - Level 1.7 Dodging
 + Level 3.4 Unarmed Combat
 - Level 2.0 Spellcasting
 + Level 2.0 Transmutations


You had 4 spell levels left.
You knew the following spells:

 Your Spells              Type           Power      Damage    Failure   Level
a - Beastly Appendage     Tmut           14%        N/A       11%         1

Your spell library contained the following spells:

 Spells                   Type           Power      Damage    Failure   Level
 Wereblood                Tmut           7%         N/A       16%         2
 Spider Form              Tmut/Pois      4%         N/A       43%         3
 Ice Form                 Ice/Tmut       4%         N/A       83%         4


Dungeon Overview and Level Annotations

Branches:
Dungeon (1/15)

Altars:
Hepliaklqana


Innate Abilities, Weirdness & Mutations

Your life essence is reduced to manifest your ancestor. (-10% HP)
Your demonic aura sometimes causes spilled blood to erupt in flames.


Message History

You grow a pair of large bovine horns.
Your feet morph into talons.
Your transformation is almost over.
You open the door.
Found a gnoll skeleton.
No reachable target in view!
Things that are here:
a +0 club; a goblin corpse
Found a gnoll skeleton.
Your horns disappear.
Your talons disappear.
There is an open door here.
The kobold shouts!
Key pressed, stopping explore.
No reachable target in view!
No reachable target in view!
No reachable target in view!
You grow a pair of large bovine horns.
Your feet morph into talons.
No reachable target in view!
Things that are here:
a +0 club; a goblin corpse
There is an open door here.
You open the door.
Found a faded altar of an unknown god.
Your transformation is almost over.
Press: ? - help, v - describe, . - travel, g - get item Item here: a gnoll skeleton.
The floor.
There is an open door here.
Your horns disappear.
Your talons disappear.
There is a faded altar of an unknown god here.
You cannot tell which god this altar belongs to.
Convert to them anyway?
Okay, then.
Unknown command.
Press < or > to pray at altars.
You cannot tell which god this altar belongs to.
Convert to them anyway?
Hepliaklqana accepts your prayer! Hepliaklqana welcomes you!
Hepliaklqana forms a fragment of your life essence into the memory of your ancestor, Fikile!
You can now recall your ancestor.
You can now remember your ancestor's identity.
Are you sure you want to abandon this character and quit the game? (Confirm with "yes".)

........## ### ........# ..
........## ##.♣♣♣♣♣♣
........'. #..♣÷♣PP♣♣
........## #.#####P.♣♣. #.
........##
######.#...#.P.♣♣..
#.#######....
.......♣...#PP♣.♣♣.##.# #####
#####.)'.8.'...R@♣.##.## #...
# #.[♣...#.PPP♣♣.....# #... #
#..#...#..P♣♣......#######.##
#
#..#####.P♣♣.................
#
#...♣K♣PP♣♣........##########
#
###.♣♣♣♣♣♣.........#.........
# #........#.......#.########
# ##########.......# #.. #
#.......# .#.#


You could see the friendly Fikile the ancestor.

Vanquished Creatures
  A ball python (D:1)
  2 endoplasms (D:1)
  A giant cockroach (D:1)
  3 goblins (D:1)
  4 jackals (D:1)
  A quokka (D:1)
  2 frilled lizards (D:1)
  A kobold (D:1)
  3 rats (D:1)
18 creatures vanquished.

Notes
Turn   | Place    | Note
-------+----------+-------------------------------------------
     0 | D:1      | ytrimaz the Demonspawn Transmuter began the quest for the
                  | Orb.
     0 | D:1      | Reached XP level 1. HP: 15/15 MP: 3/3
   197 | D:1      | Reached skill level 3 in Unarmed Combat
   534 | D:1      | Gained mutation: Your demonic aura sometimes causes spilled
                  | blood to erupt in flames. [demonic ancestry]
   534 | D:1      | Reached XP level 2. HP: 20/21 MP: 3/5
   827 | D:1      | Found a faded altar of an unknown god.
   838 | D:1      | Prayed at the altar of an unknown god.
   838 | D:1      | Became a worshipper of Hepliaklqana the Forgotten
   838 | D:1      | Reached * piety under Hepliaklqana
   839 | D:1      | Quit the game

Illustrated notes

Levels and vault maps discovered:
D:1:      amcnicky_arrival_gap_in_the_tavern_cellar, layout_basic,
          dilly_ecumenical_altar_fadedgnrine, minmay_misc_feat_four_crosses,
          moated_statue, minmay_crystal_room

Skill      XL: |  1  2 |
---------------+-------+-----
Unarmed Combat | 3 |  3.4
Transmutations | 2 |  2.0
Fighting       | |  1.0
Dodging        | |  1.7
Spellcasting   | |  2.0

Action                   || total
-------------------------++-------
Melee: Unarmed           ||    36
       Kick              ||     5
       Headbutt          ||     4
 Cast: Beastly Appendage ||    12
  Use: Scroll            ||     2
 Stab: Sleeping          ||     1
Armor: Robe              ||     5
Dodge: Dodged            ||    19

Table legend: (Time is in decaauts)
 A = Elapsed time spent in this place.
 B = Non-inter-level travel time spent in this place.
 C = Inter-level travel time spent in this place.
 D = Time resting spent in this place.
 E = Time spent auto-exploring this place.
 F = Levels seen in this place.
 G = Mean time per level.
                   A        B        C        D        E       F      G
               +--------+--------+--------+--------+--------+-----+--------+
         Total |    837 |    837 |      0 |      0 |    698 |   1 |  837.0 |
       Dungeon |    837 |    837 |      0 |      0 |    698 |   1 |  837.0 |
               +--------+--------+--------+--------+--------+-----+--------+

Top non-repeatable levels by time:
     D:1: 837 daAuts
